 Dungeon Sprint DCSS version 0.30-a0-123-g91d0c66ccf (webtiles) character file.

Game seed: 496873265323333877

27486 mhtbhm the Metallomancer (level 13, -6/69 HPs)
             Began as a Gargoyle Earth Elementalist on Sept 17, 2022.
             Was the Champion of Vehumet.
             Splashed by a brown ugly thing's acid (10 damage)
             ... in the Dungeon (Sprint III: "The Ten Rune Challenge").
             The game lasted 00:18:13 (6048 turns).

mhtbhm the Metallomancer (GrEE)                     Turns: 6048, Time: 00:18:14

Health: -6/69      AC:  7    Str: 12    XL:     13   Next: 32%
Magic:  24/38      EV: 13    Int: 24    God:    Vehumet [******]
Gold:   1138       SH:  5    Dex:  9    Spells: 8/55 levels left

rFire   + . .      SeeInvis .    e - +3 hand axe "Guatreg" {drain, rPois}
rCold   . . .      Faith    .    (no shield)
rNeg    + . .      Spirit   .    a - +0 robe {rF+}
rPois   ∞          Reflect  +    (no helmet)
rElec   +          Harm     .    (no cloak)
rCorr   .          Rampage  .    (no gloves)
Will    .....      NoTele   +    (no boots)
Stlth   +++.......               t - amulet of reflection
HPRegen 0.21/turn                (no ring)
MPRegen 0.26/turn                (no ring)

@: corroded
A: sickness immunity, AC +9, negative energy resistance 1, electricity
resistance, torment resistance 1, petrification resistance, hooves 1, clever 1,
passive freeze
a: Renounce Religion


You were in the Dungeon.
You worshipped Vehumet.
Vehumet was exalted by your worship.
You visited 1 branch You collected 2463 gold pieces.
You spent 1325 gold pieces at shops.

Inventory:

Hand Weapons
 e - the +3 hand axe "Guatreg" (weapon) {drain, rPois}
   (You bought it in a shop in the Dungeon)

   A truly terrible weapon, it drains the life of any living foe it strikes.
   rPois:     It protects you from poison.
Missiles
 b - 5 atropa-tipped darts
 h - 5 datura-tipped darts
 o - 2 boomerangs
 p - 7 javelins
 q - 7 curare-tipped darts (quivered)
Armour
 a - a +0 robe of fire resistance (worn)
Jewellery
 t - an amulet of reflection (around neck)
Wands
 u - a wand of iceblast (10)
Scrolls
 i - a scroll of torment
 k - 3 scrolls of poison
 r - 10 scrolls of identify
Potions
 c - 4 potions of curing
 d - a potion of heal wounds
 f - a potion of berserk rage
 g - a potion of brilliance
 j - 2 potions of flight
 l - 2 potions of might
 m - 4 potions of mutation
 s - 2 potions of haste
Miscellaneous
 n - a phantom mirror


   Skills:
 + Level 3.4 Fighting
 + Level 1.0 Axes
 + Level 5.3 Dodging
 + Level 5.5 Stealth
 + Level 21.5 Spellcasting
 + Level 4.7 Conjurations
 + Level 1.1 Hexes
 + Level 3.6 Transmutations
 + Level 2.3 Fire Magic
 + Level 26.5 Earth Magic
 + Level 0.3 Evocations


You had 8 spell levels left.
You knew the following spells:

 Your Spells              Type           Power      Damage    Failure   Level
a - Sandblast             Erth           100%       2d20      0%          1
b - Passwall              Tmut/Erth      65%        N/A       0%          2
c - Stone Arrow           Conj/Erth      100%       3d13      0%          3
d - Petrify               Tmut/Erth      78%        N/A       1%          4
e - Foxfire               Conj/Fire      100%       2x1d9     1%          1
f - Searing Ray           Conj           96%        2d7       1%          2
g - Inner Flame           Hex/Fire       34%        N/A       1%          3
h - Sticky Flame          Conj/Fire      42%        2d6       1%          4
i - Lee's Rapid Deconstr  Erth           50%        3d25*     0%          5
j - Fireball              Conj/Fire      21%        3d10      3%          5
k - Ignition              Fire           18%        3d7       100%        8
l - Shatter               Erth           50%        3d38*     1%          9

Your spell library contained the following spells:

 Spells                   Type           Power      Damage    Failure   Level
 Lehudib's Crystal Spear  Conj/Erth      39%        10d10     4%          8
 Polar Vortex             Ice            12%        N/A       100%        9
 Gell's Gravitas          Tloc           25%        N/A       4%          3
 Lesser Beckoning         Tloc           25%        N/A       4%          3
 Teleport Other           Tloc           25%        N/A       4%          3
 Starburst                Conj/Fire      21%        6d7       16%         6


Dungeon Overview and Level Annotations

Branches:
Dungeon (1/1)

Altars:
Cheibriados
Dithmenos
Elyvilon
Fedhas
Gozag
Hepliaklqana
Kikubaaqudgha
Makhleb
Nemelex Xobeh
Okawaru
Qazlal
Ru
Sif Muna
Trog
Uskayaw
Vehumet
Wu Jian
Xom
Yredelemnul
Zin
The Shining One
Jiyva
Lugonu

Shops:
D (:((?!=(*[*:

Annotations:
D Sojobo


Innate Abilities, Weirdness & Mutations

You are immune to sickness and miasma.
Your stone body is resilient. (AC +9)
You are immune to poison.
You resist negative energy. (rN+)
You are resistant to electric shocks. (rElec)
You are resistant to unholy torment.
You are immune to petrification.
You have large cloven feet.
Your mind is acute. (Int +4, Str/Dex -1)
A frigid envelope surrounds you and freezes all who hurt you.


Message History

Casting: Shatter (quite dangerous; 1% risk of failure)
Confirm with . or Enter, or press ? or * to list all spells.
Aiming: Sandblast (safe; 0% risk of failure)
Press: ? - help, Shift-Dir - straight line, f - faun
Aim: a faun (almost dead, 85% to hit)
The blast of sand hits the faun!!
You kill the faun!
Vehumet accepts your kill.
You feel your power returning.
Casting: Sandblast (safe; 0% risk of failure)
Confirm with . or Enter, or press ? or * to list all spells.
Okay, then.
Casting: Sandblast (safe; 0% risk of failure)
Confirm with . or Enter, or press ? or * to list all spells.
Aiming: Lee's Rapid Deconstruction (safe; 0% risk of failure)
Press: ? - help, Dir - move target A metal wall.
The metal wall shatters!
The blast of metal fragments hits the brown ugly thing!!
The brown ugly thing is heavily wounded.
You hear a deafening roar!
Sojobo, Queen of Tengu comes into view.
She is wielding a +0 vorpal morningstar and wearing a +2 tower shield of reflection.
A red ugly thing comes into view.
Sojobo waves her feathered arms in wide circles.
The air twists around and strikes you!
* * * LOW HITPOINT WARNING * * *
Unknown command.
Casting: Lee's Rapid Deconstruction (safe; 0% risk of failure)
Confirm with . or Enter, or press ? or * to list all spells.
Aiming: Lee's Rapid Deconstruction (safe; 0% risk of failure)
Press: ? - help, Dir - move target A metal wall.
The metal wall shatters!
The blast of metal fragments hits the brown ugly thing!!!
The brown ugly thing is almost dead.
The red ugly thing gurgles horribly!
The brown ugly thing claws you!
* * * LOW HITPOINT WARNING * * *
The acid corrodes you!
You are splashed with acid!
You die... #. # .# ###≈ Q. ≈≈≈≈ ########u### ≈§§≈ #...#...#..# ≈≈§ #...#......# PP § ##'###.#..u# PcP ## ###....÷..'.@# .PPP.

○# ##.#.#####..#.#......
####..'.#)..'.#....†....
...'..#######...........
#######.....#.####......
.∩⌠⌠∩.#..#..#.#..#......
.∩⌠⌠∩.#.#.#.#.'..#......
.∩∩.∩.#....)#.#..# .....
.∩∩∩∩.#....)#)#..# .....


You could see Sojobo (repels missiles, reflecting) and 2 ugly things.

Vanquished Creatures
  A kraken (D)
  Dowan (D)
  A dire elephant (D)
  Snorg (D)
  A fire dragon (D)
  2 hydras (D)
  An alligator snapping turtle (D)
  2 centaur warriors (D)
  4 dancing weapons (D)
  A two-headed ogre (shapeshifter) (D)
  Urug (D)
  A death drake (D)
  A spriggan druid (D)
  A skeletal warrior (D)
  A lindwurm (D)
  An obsidian statue (D)
  A deep elf pyromancer (D)
  4 crystal guardians (D)
  2 fauns (shapeshifter) (D)
  A wolf spider (shapeshifter) (D)
  4 statues (D)
  2 cane toads (D)
  Duvessa (D)
  2 unseen horrors (D)
  A rime drake (D)
  A komodo dragon (D)
  A queen bee (D)
  3 wandering mushrooms (D)
  4 spriggan defenders (D)
  3 orc high priests (D)
  2 tyrant leeches (D)
  5 blink frogs (D)
  3 snapping turtles (D)
  2 slime creatures (D)
  A shadow (D)
  2 spriggans (D)
  3 redbacks (D)
  A spatial vortex (D)
  A floating eye (D)
  A swamp drake (D)
  2 orc warriors (D)
  2 centaurs (D)
  An earth elemental (D)
  A necrophage (D)
  A water elemental (D)
  32 killer bees (D)
  An electric eel (D)
  A jelly (D)
  3 orc priests (D)
  Jessica (D)
  A wizard (D)
  3 orc wizards (D)
  A necromancer (D)
  3 humans (D)
  A kobold demonologist (D)
  A phantom (D)
  10 orcs (D)
  2 endoplasms (D)
  A tentacle (D)
140 creatures vanquished.

Vanquished Creatures (collateral kills)
  An orc high priest (D)
1 creature vanquished.

Vanquished Creatures (others)
  3 fungi (D)
  16 plants (D)
  4 tentacles (D)
23 creatures vanquished.

Grand Total: 164 creatures vanquished

Notes
Turn   | Place    | Note
-------+----------+-------------------------------------------
     0 | D        | mhtbhm the Gargoyle Earth Elementalist began the quest for
                  | the Orb.
     0 | D        | Reached XP level 1. HP: 10/10 MP: 3/3
     8 | D        | Reached skill level 4 in Earth Magic
    67 | D        | Noticed Jessica
    70 | D        | Killed Jessica
    71 | D        | Reached skill level 6 in Earth Magic
    71 | D        | Reached XP level 2. HP: 15/15 MP: 2/6
    71 | D        | Reached XP level 3. HP: 19/19 MP: 2/8
   142 | D        | Learned a level 2 spell: Passwall
   146 | D        | Learned a level 3 spell: Stone Arrow
   337 | D        | Gained mutation: A frigid envelope surrounds you and
                  | freezes all who hurt you. [potion of mutation]
   337 | D        | Gained mutation: You have large cloven feet. [potion of
                  | mutation]
   337 | D        | Gained mutation: Your mind is acute. (Int +4, Str/Dex -1)
                  | [potion of mutation]
   444 | D        | Noticed a water elemental
   448 | D        | Killed a water elemental
   449 | D        | Reached skill level 5 in Spellcasting
   449 | D        | Reached skill level 8 in Earth Magic
   449 | D        | Reached XP level 4. HP: 24/24 MP: 4/11
   589 | D        | Found a radiant altar of Vehumet.
   589 | D        | Found a shimmering blue altar of Sif Muna.
   589 | D        | Found an ancient bone altar of Kikubaaqudgha.
   589 | D        | Noticed a wizard
   590 | D        | Killed a wizard
   591 | D        | Reached XP level 5. HP: 28/28 MP: 11/13
   594 | D        | Reached skill level 9 in Earth Magic
   600 | D        | Became a worshipper of Vehumet
   606 | D        | Learned a level 4 spell: Petrify
   644 | D        | Found a basalt altar of Yredelemnul.
   644 | D        | Found a shadowy altar of Dithmenos.
   644 | D        | Found a sacrificial altar of Ru.
   648 | D        | Reached skill level 10 in Earth Magic
   648 | D        | Reached XP level 6. HP: 25/32 MP: 11/16
   714 | D        | Found a glowing silver altar of Zin.
   714 | D        | Found a glowing golden altar of the Shining One.
   714 | D        | Found a white marble altar of Elyvilon.
   714 | D        | Noticed a deep elf pyromancer
   716 | D        | Killed a deep elf pyromancer
   716 | D        | Reached * piety under Vehumet
   716 | D        | Offered knowledge of Foxfire by Vehumet.
   717 | D        | Reached skill level 5 in Stealth
   717 | D        | Reached skill level 13 in Earth Magic
   717 | D        | Reached XP level 7. HP: 37/37 MP: 15/20
   747 | D        | Found a hide-covered altar of Uskayaw.
   747 | D        | Found an iron altar of Okawaru.
   747 | D        | Found a bloodstained altar of Trog.
   747 | D        | Found an ornate altar of the Wu Jian Council.
   747 | D        | Noticed a human
   747 | D        | Noticed a human
   750 | D        | Killed a human
   751 | D        | Reached skill level 1 in Fighting
   751 | D        | Reached skill level 10 in Spellcasting
   753 | D        | Killed a human
   754 | D        | Reached skill level 14 in Earth Magic
   754 | D        | Reached XP level 8. HP: 35/43 MP: 20/22
   810 | D        | Noticed a shadow
   812 | D        | Killed a shadow
   812 | D        | Reached ** piety under Vehumet
   823 | D        | Learned a level 1 spell: Foxfire
   883 | D        | Found a blossoming altar of Fedhas.
   883 | D        | Found a stormy altar of Qazlal.
   883 | D        | Found a snail-covered altar of Cheibriados.
   883 | D        | Found a burning altar of Makhleb.
   883 | D        | Found a shimmering altar of Xom.
   884 | D        | Found a hazy altar of Hepliaklqana.
   884 | D        | Found an opulent altar of Gozag.
   884 | D        | Found a sparkling altar of Nemelex Xobeh.
   884 | D        | Found a corrupted altar of Lugonu.
   884 | D        | Found a viscous altar of Jiyva.
   889 | D        | Offered knowledge of Searing Ray by Vehumet.
   899 | D        | Learned a level 2 spell: Searing Ray
   930 | D        | Noticed Snorg
   968 | D        | Killed Snorg
   968 | D        | Offered knowledge of Inner Flame by Vehumet.
   969 | D        | Reached skill level 16 in Earth Magic
   969 | D        | Reached XP level 9. HP: 43/48 MP: 4/25
  1097 | D        | Learned a level 3 spell: Inner Flame
  1099 | D        | Reached *** piety under Vehumet
  1099 | D        | Offered knowledge of Sticky Flame by Vehumet.
  1101 | D        | Found Dennig's Antique Weapon Shoppe.
  1102 | D        | Reached **** piety under Vehumet
  1108 | D        | Reached ***** piety under Vehumet
  1330 | D        | Bought an ichor-stained hand axe for 152 gold pieces
  1330 | D        | Identified the +3 hand axe "Guatreg" {drain, rPois} (You
                  | bought it in a shop in the Dungeon)
  1396 | D        | Learned a level 4 spell: Sticky Flame
  1408 | D        | Offered knowledge of Lee's Rapid Deconstruction by Vehumet.
  1417 | D        | Learned a level 5 spell: Lee's Rapid Deconstruction
  1495 | D        | Noticed a centaur warrior
  1496 | D        | Offered knowledge of Spellforged Servitor by Vehumet.
  1497 | D        | Reached skill level 1 in Hexes
  1497 | D        | Reached skill level 1 in Fire Magic
  1500 | D        | Killed a centaur warrior
  1501 | D        | Reached skill level 17 in Earth Magic
  1639 | D        | Killed an unseen horror
  1640 | D        | Reached XP level 10. HP: 54/54 MP: 17/27
  1642 | D        | Killed an unseen horror
  1732 | D        | Reached ****** piety under Vehumet
  1733 | D        | Reached skill level 18 in Earth Magic
  1866 | D        | Offered knowledge of Lightning Bolt by Vehumet.
  2008 | D        | Noticed a cane toad
  2008 | D        | Noticed a cane toad
  2011 | D        | HP: 2/55 [cane toad (9)]
  2018 | D        | Killed a cane toad
  2326 | D        | Killed a cane toad
  2327 | D        | Reached skill level 15 in Spellcasting
  2379 | D        | Reached skill level 5 in Dodging
  2379 | D        | Reached skill level 19 in Earth Magic
  2652 | D        | Noticed a lindwurm
  2656 | D        | Killed a lindwurm
  2657 | D        | Reached skill level 20 in Earth Magic
  2657 | D        | Reached XP level 11. HP: 28/59 MP: 14/30
  2828 | D        | Noticed Urug
  2839 | D        | Killed Urug
  3033 | D        | Offered knowledge of Ozocubu's Refrigeration by Vehumet.
  3043 | D        | Reached skill level 21 in Earth Magic
  3180 | D        | Noticed Dowan
  3180 | D        | Noticed Duvessa
  3186 | D        | Killed Duvessa
  3187 | D        | Killed Dowan
  3330 | D        | Offered knowledge of Eringya's Noxious Bog by Vehumet.
  3380 | D        | Reached skill level 22 in Earth Magic
  3501 | D        | Noticed a six-headed hydra
  3501 | D        | Noticed a four-headed hydra
  3504 | D        | Killed a four-headed hydra
  3509 | D        | Noticed a death drake
  3510 | D        | Killed a six-headed hydra
  3511 | D        | Killed a death drake
  3637 | D        | Noticed a kraken
  3643 | D        | Killed a kraken
  3643 | D        | Noticed an alligator snapping turtle
  3644 | D        | Reached skill level 23 in Earth Magic
  3644 | D        | Reached XP level 12. HP: 50/64 MP: 9/34
  3849 | D        | Noticed an alligator snapping turtle
  3852 | D        | Noticed an alligator snapping turtle
  4049 | D        | Killed an alligator snapping turtle
  4309 | D        | Offered knowledge of Arcjolt by Vehumet.
  4595 | D        | Found a blossoming altar of Fedhas.
  4642 | D        | Noticed a dire elephant
  4651 | D        | Killed a dire elephant
  4652 | D        | Reached skill level 24 in Earth Magic
  4863 | D        | Noticed a soul eater
  5040 | D        | Noticed a yaktaur captain
  5043 | D        | Offered knowledge of Starburst by Vehumet.
  5186 | D        | Found Ebaeckuq's Jewellery Emporium.
  5186 | D        | Found Gaihasil's Antique Weapon Shop.
  5186 | D        | Found Xojin's Book Shoppe.
  5186 | D        | Found Loepteh's Distillery.
  5186 | D        | Found Soneidgh's General Store.
  5186 | D        | Found Suar's Antique Armour Emporium.
  5186 | D        | Found Ynad Oki's General Store.
  5187 | D        | Found Oxaydw Bodi's Magic Scroll Boutique.
  5187 | D        | Found Fiticvilau's Antique Weapon Shoppe.
  5187 | D        | Found Dyoriorics's Antique Weapon Shop.
  5187 | D        | Found Vikk's Book Emporium.
  5231 | D        | Bought a runed robe for 85 gold pieces
  5241 | D        | Bought a potion of haste for 100 gold pieces
  5241 | D        | Bought a potion of haste for 100 gold pieces
  5241 | D        | Bought a potion of curing for 30 gold pieces
  5241 | D        | Bought a potion of curing for 30 gold pieces
  5242 | D        | Bought an amulet of reflection for 300 gold pieces
  5244 | D        | Bought a book of Fire for 528 gold pieces
  5250 | D        | Learned a level 5 spell: Fireball
  5259 | D        | Learned a level 8 spell: Ignition
  5366 | D        | Reached skill level 1 in Axes
  5368 | D        | Reached skill level 25 in Earth Magic
  5370 | D        | Paralysed by an air elemental for 1 turns
  5371 | D        | Offered knowledge of Orb of Destruction by Vehumet.
  5709 | D        | Noticed a shock serpent
  5709 | D        | Noticed a two-headed ogre
  5709 | D        | a lindwurm changed into a two-headed ogre
  5709 | D        | a shock serpent changed into a faun
  5713 | D        | Killed a two-headed ogre
  5714 | D        | Reached XP level 13. HP: 69/69 MP: 33/37
  5860 | D        | Noticed a fire dragon
  5864 | D        | Killed a fire dragon
  5865 | D        | Reached skill level 26 in Earth Magic
  5938 | D        | Offered knowledge of Lehudib's Crystal Spear by Vehumet.
  5938 | D        | Offered knowledge of Shatter by Vehumet.
  5938 | D        | Offered knowledge of Polar Vortex by Vehumet.
  6033 | D        | Learned a level 9 spell: Shatter
  6042 | D        | Noticed a yaktaur captain
  6047 | D        | Noticed Sojobo
  6048 | D        | Splashed by a brown ugly thing's acid

Illustrated notes

Levels and vault maps discovered:
D:        dungeon_sprint_mu [sprint_mu_entry_cave, sprint_mu_temple_rooms,
          sprint_mu_d1_horrors, sprint_mu_d2_genie, sprint_mu_d3_branching,
          sprint_mu_orc_legion, sprint_mu_elf_gauntlet, sprint_mu_hive_nellie,
          sprint_mu_lair_fedhas, sprint_mu_vaults_butterflies,
          sprint_mu_slime_circle, sprint_mu_shoals_kraken,
          sprint_mu_snake_twists, sprint_mu_blade_basic, sprint_mu_crypt_lich,
          sprint_mu_tomb_spiral, sprint_mu_vestibule_basic,
          sprint_mu_gehenna_hellfire, sprint_mu_dis_giant,
          sprint_mu_tartarus_statrot, sprint_mu_cocytus_islands, sprint_mu_zot1]

Skill      XL: |  1  2  3  4  5  6  7  8  9 10 11 12 13 |
---------------+----------------------------------------+-----
Earth Magic    | 6 8 10 13 14 16 17 20 23 25 26 | 26.5
Dodging        | 2 3 4 5 |  5.3
Spellcasting   | 3 5 7 9 10 12 13 15 18 20 21 | 21.5
Stealth        | 3 4 5 |  5.5
Fighting       | 1 2 3 |  3.4
Conjurations   | 2 3 4 |  4.7
Transmutations | 2 3 |  3.6
Hexes          | 1 |  1.1
Fire Magic     | 1 2 |  2.3
Axes           | 1 |  1.0
Evocations     | |  0.3

Action                   |  1- 3 |  4- 6 |  7- 9 | 10-12 | 13-15 || total
-------------------------+-------+-------+-------+-------+-------++-------
Melee: Hand axe          |       |       |       |    11 |       ||    11
       Kick              |       |       |       |     7 |       ||     7
 Cast: Sandblast         |    17 |     8 |    30 |    12 |     1 ||    68
       Stone Arrow       |       |       |    23 |     8 |       ||    31
       Petrify           |       |       |     6 |    18 |       ||    24
       Searing Ray       |       |       |     2 |       |       ||     2
       Lee's Rapid Decon |       |       |     5 |   126 |    10 ||   141
       Inner Flame       |       |       |     4 |       |       ||     4
       Sticky Flame      |       |       |       |     3 |       ||     3
       Fireball          |       |       |       |     2 |       ||     2
       Shatter           |       |       |       |       |     1 ||     1
Evoke: Phantom mirror    |       |       |       |     2 |       ||     2
  Use: Potion            |     1 |       |     3 |     1 |       ||     5
       Scroll            |       |       |       |     4 |       ||     4
Armor: Robe              |     1 |     1 |       |     8 |       ||    10
Dodge: Dodged            |     8 |     1 |    12 |    32 |       ||    53

Table legend: (Time is in decaauts)
 A = Elapsed time spent in this place.
 B = Non-inter-level travel time spent in this place.
 C = Inter-level travel time spent in this place.
 D = Time resting spent in this place.
 E = Time spent auto-exploring this place.
 F = Levels seen in this place.
 G = Mean time per level.
                   A        B        C        D        E       F      G
               +--------+--------+--------+--------+--------+-----+--------+
         Total |   6106 |   6053 |     53 |   4469 |    111 |   1 | 6106.0 |
       Dungeon |   6106 |   6053 |     53 |   4469 |    111 |   1 | 6106.0 |
               +--------+--------+--------+--------+--------+-----+--------+

Top non-repeatable levels by time:
       D: 6106 daAuts
